Map: King's Cove LE

Players

TIME (Oliveira) - Winner!

  • Race: Terran Terran
  • Spawn Location: 11:00

MacSed

  • Race: Protoss Protoss
  • Spawn Location: 5:00

Event: 2019 WCS Spring

VOD

Have the link to the VOD?

Description

Time

  • Played on: May 17, 2019, 1:22 p.m.
  • Length: 15:43

All games in this series

Show
View Real Time Build Order
Export as new Build Order

TIME Terran - Winner!

Build Orders:  

Get SALT Encoding   

  12  0:00  SCV  
  13  0:13  SCV  
  14  0:18  Supply Depot  
  14  0:25  SCV  
  15  0:39  SCV  
  15  0:41  Barracks  
  16  0:45  Refinery  
  16  0:52  SCV  
  17  1:02  Barracks  
  18  1:04  SCV  
  18  1:16  SCV  
  19  1:28  Reaper  
  19  1:29  Orbital Command  
  20  1:39  Supply Depot  
  20  1:51  Reaper  
  21  1:54  SCV  
  22  2:04  Reaper  
  23  2:12  Command Center  
  23  2:15  SCV  
  23  2:21  Refinery  
  24  2:23  Reaper  
  24  2:28  SCV  
  26  2:40  SCV  
  26  2:42  Reaper  
  28  2:52  SCV  
  29  2:59  Command Center  
  29  3:04  SCV  
  30  3:14  Factory  
  30  3:16  SCV  
  30  3:28  Engineering Bay  
  30  3:31  Orbital Command  
  29  3:45  SCV  
  29  3:47  Barracks Reactor, Barracks Tech Lab  
  28  3:55  Missile Turret  
  28  3:57  SCV x2, Missile Turret  
  28  3:59  Factory Tech Lab  
  30  4:05  Marine  
  30  4:06  Stimpack  
  30  4:09  SCV  
  32  4:14  Orbital Command  
  32  4:15  SCV  
  33  4:20  Cyclone  
  36  4:26  Marine x3  
  36  4:29  Bunker  
  39  4:31  SCV  
  39  4:33  SCV  
  40  4:39  SCV  
  40  4:43  SCV, Marine  
  40  4:44  Marine  
  44  4:45  SCV  
  44  4:46  Starport  
  44  4:47  Marine  
  44  4:52  SCV  
  47  4:55  SCV, Siege Tank  
  51  5:00  Supply Depot  
  51  5:01  Marine  
  51  5:02  SCV  
  51  5:04  SCV  
  54  5:07  SCV  
  54  5:10  Marine, Barracks  
  56  5:14  SCV, Refinery  
  56  5:16  Terran Infantry Weapons Level 1  
  56  5:17  Marine  
  56  5:19  SCV  
  59  5:23  Supply Depot, Marine  
  59  5:25  SCV  
  61  5:31  SCV  
  61  5:35  Marine  
  63  5:38  Raven, Refinery  
  63  5:40  SCV  
  66  5:47  Marine x2  
  66  5:49  Barracks  
  69  5:50  SCV x2, Barracks  
  69  5:54  Factory Reactor, Supply Depot  
  70  5:58  Supply Depot  
  70  6:02  Marine  
  71  6:05  SCV  
  71  6:06  SCV, Barracks Reactor  
  71  6:09  SCV  
  71  6:10  Marauder, Supply Depot  
  75  6:13  Orbital Command  
  75  6:17  SCV  
  73  6:20  SCV  
  73  6:24  Marine  
  73  6:25  Marine  
  76  6:29  SCV  
  76  6:32  SCV  
  78  6:34  Marauder  
  78  6:39  SCV  
  80  6:41  SCV, Barracks Reactor  
  80  6:44  SCV  
  80  6:46  Missile Turret, Marine  
  80  6:51  SCV  
  80  6:53  SCV  
  82  6:54  Barracks Tech Lab  
  82  6:55  Widow Mine x2  
  82  6:56  SCV  
  82  6:59  Marauder x2  
  91  7:03  SCV, Supply Depot  
  91  7:04  Supply Depot  
  91  7:06  SCV  
  93  7:08  SCV  
  93  7:10  Ghost Academy  
  93  7:11  Terran Infantry Armor Level 1, Marine x2  
  93  7:15  SCV  
  97  7:18  SCV  
  97  7:19  Marine  
  101  7:25  SCV, Marine  
  101  7:26  Supply Depot  
  101  7:27  SCV  
  101  7:29  Supply Depot, Marine  
  108  7:30  SCV, Widow Mine x2  
  108  7:32  Medivac, Supply Depot  
  108  7:34  Medivac  
  108  7:35  Marine  
  113  7:37  SCV  
  113  7:39  SCV  
  113  7:40  Ghost  
  117  7:46  Refinery  
  117  7:48  SCV, Marine, Ghost x2, Refinery  
  123  7:52  SCV x2, Marine, Supply Depot x2  
  123  7:55  Marine x2  
  123  7:56  Widow Mine  
  123  7:58  Widow Mine  
  132  8:00  Combat Shield  
  132  8:02  Concussive Shells  
  132  8:04  SCV  
  133  8:06  SCV  
  133  8:09  Marauder  
  133  8:10  Armory, SCV  
  133  8:11  Engineering Bay  
  137  8:13  Marine x2  
  137  8:17  Marauder  
  141  8:20  Marine  
  141  8:21  Marauder, Marine  
  145  8:30  Marine x2  
  148  8:34  SCV  
  148  8:35  Supply Depot  
  148  8:38  Marine x2  
  148  8:39  Marauder, Command Center  
  143  8:58  Marine  
  143  9:02  Marine  
  134  9:08  Marine  
  134  9:09  Marauder  
  121  9:10  Viking x2, Terran Infantry Weapons Level 2  
  121  9:15  Starport, Marine x2  
  121  9:16  Marauder  
  119  9:18  SCV x3  
  119  9:21  Marine x2  
  124  9:26  Marine  
  124  9:28  Terran Infantry Armor Level 2  
  124  9:29  Terran Ship Weapons Level 1  
  124  9:30  Marauder, SCV  
  128  9:33  Marine  
  128  9:34  Marauder  
  128  9:37  Marine  
  132  9:39  Marine x2  
  132  9:41  SCV x2  
  132  9:44  Marine  
  137  9:46  Viking  
  137  9:47  Viking  
  137  9:51  Planetary Fortress, Marauder, Marine  
  137  9:52  Missile Turret  
  144  9:54  Ghost  
  144  9:56  Ghost  
  148  10:07  Viking x2, Supply Depot  
  148  10:08  Marine x2  
  148  10:09  Marine  
  148  10:13  SCV x3  
  158  10:15  Refinery  
  158  10:17  Refinery  
  158  10:18  Marauder, Marine  
  161  10:23  Viking x2, Marine  
  161  10:24  Supply Depot  
  161  10:26  Marine x2  
  168  10:32  Starport  
  168  10:33  Fusion Core  
  168  10:34  SCV x2  
  170  10:36  Marine x2  
  170  10:37  Viking  
  170  10:39  Marauder, Supply Depot  
  170  10:41  Viking  
  178  10:51  Command Center  
  178  10:55  Sensor Tower  
  178  10:56  Medivac x2  
  182  11:01  Marauder, Marine x2  
  183  11:07  Marine x3  
  183  11:08  Marauder  
  188  11:12  Starport Tech Lab  
  188  11:13  Viking x2  
  192  11:18  Marine  
  192  11:19  Marine  
  192  11:22  Command Center  
  192  11:23  Marauder  
  196  11:30  Advanced Ballistics  
  196  11:33  Marine x2  
  196  11:34  Marauder  
  196  11:38  Terran Ship Weapons Level 2, Terran Infantry Weapons Level 3  
  196  11:39  Command Center  
  200  11:45  Liberator x3  
  200  11:46  Liberator  
  194  11:55  Liberator  
  194  11:57  Marine  
  194  11:58  Marauder, Marine  
  170  12:04  Marine  
  170  12:05  Marauder, Marine  
  148  12:11  Marine  
  148  12:15  Marine  
  148  12:17  Marine  
  148  12:20  Marauder  
  148  12:22  Marine  
  152  12:25  Marine  
  152  12:26  Marauder, Terran Infantry Armor Level 3  
  152  12:27  Liberator x2  
  152  12:28  Liberator, Refinery  
  152  12:29  Marauder  
  158  12:31  Planetary Fortress, Refinery  
  158  12:36  Marine x2  
  160  12:37  Orbital Command  
  160  12:38  Liberator  
  160  12:39  Liberator  
  160  12:41  Marauder  
  160  12:43  Marine  
  163  12:46  Marine  
  163  12:48  Marauder  
  163  12:50  Marine  
  176  12:56  Marine x2  
  183  13:00  Orbital Command  
  183  13:01  Marine  
  183  13:02  Marauder  
  183  13:05  Marine  
  177  13:08  Marauder  
  177  13:09  Marauder  
  177  13:10  Liberator  
  177  13:14  Marine  
  178  13:21  Liberator  
  178  13:24  Marauder  
  180  13:27  Medivac, Marine x2  
  180  13:28  Medivac, Command Center  
  180  13:30  Marauder  
  180  13:31  Marine  
  180  13:32  Marauder  
  194  13:35  Marine  
  198  13:44  Marine  
  198  13:45  Marine  
  199  14:15  Ghost x2  
  190  14:19  Liberator, Marine x3  
  190  14:21  Ghost  
  193  14:30  Viking  
  186  14:34  Viking x2  
  186  14:35  Medivac  
  186  14:37  Marine  
  186  14:38  Marine x2  
  194  14:43  Liberator  
  194  14:44  Ghost x2  
  200  14:48  Marine  
  200  14:51  Marauder  
  197  14:55  Marine  
  197  15:09  Marine  
  197  15:10  Marine  
  197  15:12  Marauder, Marine  
  197  15:13  Marauder x2, Marine  
  168  15:35  Starport x3  
  168  15:36  Starport  
  168  15:37  Fusion Core  
  168  15:38  Command Center  
Show
View Real Time Build Order
Export as new Build Order

MacSed Protoss 

Build Orders: 1 Gate Expand, Oracle Opening 

Get SALT Encoding   

  12  0:00  Probe  
  13  0:13  Probe  
  14  0:17  Pylon  
  14  0:24  Probe  
  15  0:32  Probe  
  15  0:37  Gateway  
  15  0:40  Probe  
  16  0:47  Assimilator  
  17  0:51  Probe  
  18  1:04  Probe  
  19  1:16  Probe  
  20  1:25  Cybernetics Core  
  20  1:28  Probe  
  21  1:38  Nexus  
  21  1:45  Pylon  
  21  1:48  Probe  
  21  1:52  Assimilator  
  21  1:53  Adept  
  22  2:00  Probe  
  25  2:12  Probe  
  26  2:18  Adept  
  26  2:22  Stargate  
  26  2:24  Probe  
  29  2:36  Probe  
  30  2:38  Warp Gate  
  30  2:47  Probe  
  30  2:48  Probe  
  30  2:50  Adept  
  34  2:55  Probe  
  34  3:00  Probe  
  34  3:02  Oracle  
  34  3:05  Probe  
  38  3:14  Probe  
  37  3:26  Probe  
  36  3:29  Probe  
  36  3:32  Adept  
  37  3:38  Probe  
  37  3:40  Oracle  
  37  3:41  Probe  
  38  3:53  Probe  
  40  3:59  Pylon  
  40  4:01  Gateway  
  39  4:03  Gateway  
  39  4:05  Probe  
  39  4:08  Probe  
  41  4:10  Oracle  
  41  4:18  Pylon  
  41  4:19  Probe  
  41  4:22  Probe  
  45  4:31  Probe  
  46  4:32  Probe  
  46  4:33  Adept  
  49  4:40  Probe  
  49  4:43  Probe  
  51  4:45  Pylon  
  51  4:48  Probe  
  52  4:55  Probe  
  52  4:57  Adept x3  
  59  5:00  Assimilator, Probe  
  59  5:03  Assimilator  
  60  5:07  Probe  
  60  5:11  Robotics Facility  
  60  5:12  Probe  
  62  5:19  Probe  
  63  5:24  Probe  
  64  5:31  Probe  
  64  5:32  Sentry  
  67  5:37  Probe  
  67  5:39  Pylon  
  68  5:43  Probe  
  68  5:46  Nexus  
  69  5:51  Probe  
  69  5:53  Observer  
  70  5:57  Probe  
  70  6:00  Robotics Bay  
  70  6:01  Forge  
  70  6:04  Sentry  
  74  6:05  Probe  
  74  6:09  Probe  
  76  6:11  Immortal  
  73  6:21  Probe  
  73  6:22  Pylon  
  78  6:29  Pylon  
  78  6:35  Colossus  
  78  6:40  Probe x2  
  80  6:47  Protoss Ground Weapons Level 1  
  80  6:50  Extended Thermal Lance  
  80  6:52  Probe x2  
  88  6:55  Shield Battery  
  88  6:58  Pylon  
  88  7:04  Probe  
  88  7:07  Gateway  
  89  7:09  Gateway  
  89  7:10  Gateway  
  89  7:11  Probe x2  
  91  7:19  Twilight Council  
  91  7:20  Probe  
  91  7:22  Colossus  
  92  7:23  Probe  
  92  7:25  Assimilator  
  92  7:26  Assimilator  
  92  7:28  Probe  
  92  7:29  Photon Cannon  
  94  7:30  Pylon  
  94  7:32  Probe  
  94  7:35  Observer  
  101  7:40  Probe  
  102  7:50  Gateway  
  102  7:51  Probe, Gateway  
  103  7:52  Charge  
  103  7:55  Shield Battery  
  102  8:03  Forge  
  102  8:08  Colossus, Probe  
  102  8:09  Templar Archives  
  102  8:11  Pylon  
  103  8:16  Pylon  
  109  8:20  Stalker x2  
  109  8:23  Protoss Ground Armor Level 1  
  113  8:28  Shield Battery  
  113  8:29  Shield Battery  
  113  8:31  Stalker x3  
  119  8:36  Pylon  
  119  8:47  Zealot x2, Sentry  
  119  8:48  Sentry x2  
  119  8:58  Zealot x3  
  113  9:06  Colossus  
  113  9:09  Zealot x2, Psionic Storm  
  113  9:12  Protoss Ground Weapons Level 2  
  113  9:14  Probe  
  108  9:27  High Templar  
  108  9:29  High Templar  
  108  9:31  Nexus  
  112  9:32  Pylon  
  112  9:36  Probe x2  
  114  9:38  High Templar  
  114  9:40  Assimilator  
  114  9:42  Photon Cannon, Shield Battery  
  114  9:43  Probe  
  114  9:45  Sentry, Assimilator  
  119  9:51  Blink  
  119  9:52  Probe  
  120  9:55  Probe x2  
  122  10:00  Photon Cannon  
  122  10:01  Shield Battery  
  122  10:03  Immortal  
  126  10:07  Protoss Ground Armor Level 2  
  126  10:08  Probe x2  
  126  10:09  Zealot  
  126  10:10  Zealot  
  132  10:20  High Templar  
  134  10:25  Photon Cannon  
  134  10:32  Zealot x3  
  140  10:36  Immortal  
  140  10:38  High Templar, Pylon  
  146  10:43  High Templar  
  146  10:48  Gateway  
  146  10:49  Gateway  
  141  11:09  High Templar  
  143  11:12  High Templar  
  143  11:13  Photon Cannon  
  143  11:15  Immortal  
  143  11:16  Stalker x4  
  143  11:17  Shield Battery  
  157  11:20  Gateway  
  157  11:24  Protoss Ground Weapons Level 3  
  157  11:25  Gateway  
  157  11:33  Stalker x2  
  161  11:42  Pylon  
  150  11:58  Colossus  
  150  12:00  Stalker x4  
  123  12:05  Archon x2  
  123  12:07  Zealot x6  
  126  12:14  Probe  
  126  12:15  Probe  
  126  12:19  High Templar x2  
  126  12:21  Probe  
  126  12:22  Probe  
  132  12:24  Photon Cannon  
  132  12:25  Shield Battery  
  132  12:26  Protoss Ground Armor Level 3  
  132  12:27  High Templar  
  132  12:28  High Templar  
  136  12:32  Photon Cannon  
  136  12:33  Photon Cannon  
  136  12:36  High Templar  
  138  12:43  High Templar  
  140  12:50  Nexus  
  138  12:52  Stalker x3  
  138  12:54  Phoenix  
  143  12:59  Colossus  
  145  13:11  Probe x2  
  153  13:19  High Templar  
  155  13:21  Shield Battery  
  155  13:24  Stalker x4, Shield Battery  
  163  13:35  Pylon  
  163  13:36  Assimilator  
  163  13:41  Zealot x2, Assimilator  
  167  13:44  Dark Shrine  
  167  13:49  Gateway  
  167  13:53  Gateway  
  167  13:58  Photon Cannon  
  167  13:59  High Templar  
  167  14:00  Photon Cannon, High Templar  
  167  14:02  Photon Cannon  
  171  14:04  Shield Battery  
  160  14:17  Stalker x5  
  163  14:28  Stalker x2  
  164  14:37  Probe  
  163  14:42  High Templar x2  
  163  14:56  Stalker x2  
  163  14:58  Stalker x3  
  163  14:59  Stalker x2  
  118  15:16  Stalker x3  
  118  15:17  Stalker  
  104  15:27  Probe  
Tags
 
Add a new tag
Caveats
  • Supply blocks, unpowered buildings, or Contaminate may cause inaccurate times.
  • Supply counts are checked every 10 seconds.